 Dungeon Crawl Stone Soup version 0.32-a0-136-gc02482bde3 (webtiles) character file.

Game seed: 9793113930214135538

76658 cforsyth the Warrior (level 16, -7/135 HPs)
             Began as a Djinni Hexslinger on Feb 9, 2024.
             Hit by a large rock thrown by a stone giant (48 damage)
             ... on level 15 of the Dungeon on Feb 10, 2024.
             The game lasted 01:37:33 (36505 turns).

cforsyth the Warrior (Djinni Hexslinger)           Turns: 36505, Time: 01:37:33

Health: -7/135     AC: 14    Str:  7    XL:     16   Next: 2%
Gold:   1677       EV: 12    Int: 21    God:
                   SH:  0    Dex: 18

rFire   + + .        a - +7 scimitar of Resumed Hostilities {freeze, rN+ rCorr}
rCold   + . .        p - orb {light}
rNeg    + . .        H - +2 robe {rC+}
rPois   ∞            (no helmet)
rElec   .            F - +2 cloak {Stlth+}
rCorr   +            B - +2 pair of gloves {Stlth+}
SInv    .            (boots unavailable)
Will    +....        (no amulet)
Stlth   ++           T - +4 ring of protection
HPRegen 0.42/turn    c - ring of protection from cold
MPRegen 0.00/turn

%: infuse magic (-8 HP)
@: flying, glowing
A: sickness immunity, fire resistance 2, cold vulnerability 1, float, innate
caster, HP casting, extra vitality 1
a: no special abilities


You were on level 15 of the Dungeon.
You visited 4 branches of the dungeon, and saw 23 of its levels.

You collected 2230 gold pieces.
You spent 553 gold pieces at shops.


Innate Abilities, Weirdness & Mutations

You are immune to sickness and miasma.
You are immune to poison.
Your flesh is very heat resistant. (rF++)
You are vulnerable to cold. (rC-)
You float through the air rather than walking.
You learn spells naturally, not from books.
Your magical power is your life essence.
You have superior vitality. (+4 MHP)


   Skills:
 + Level 19.3 Fighting
 - Level 1.5 Ranged Weapons
 - Level 2.1 Dodging
 + Level 15.1 Spellcasting
 + Level 15.1 Conjurations
 + Level 15.1 Hexes
 + Level 15.1 Summonings
 + Level 15.1 Necromancy
 + Level 15.1 Translocations
 + Level 15.1 Fire Magic
 + Level 15.1 Ice Magic
 + Level 15.1 Air Magic
 + Level 15.1 Earth Magic
 + Level 15.1 Alchemy


You knew the following spells:

 Your Spells              Type           Power      Damage    Failure   Level
a - Kiss of Death         Conj/Necr      100%       2d13      0%          1
b - Conjure Ball Lightni  Conj/Air       34%        3x3d11    1%          6
c - Cause Fear            Hex            34%        N/A       1%          4
e - Passwall              Erth           68%        N/A       1%          3
f - Inner Flame           Hex/Fire       68%        N/A       1%          3
l - Lee's Rapid Deconstr  Erth           34%        3d17*     1%          5
m - Metabolic Englaciati  Hex/Ice        34%        N/A       1%          5
o - Ozocubu's Armour      Ice            68%        N/A       1%          3
t - Static Discharge      Conj/Air       100%       3-8/arc   0%          2
X - Jinxbite              Hex            100%       N/A       0%          2
Y - Sigil of Binding      Hex            68%        N/A       1%          3
Z - Dimensional Bullseye  Hex/Tloc       34%        N/A       1%          4
Your spell library was empty.

Inventory:

Hand Weapons
 a - the +7 scimitar of Resumed Hostilities (weapon) {freeze, rN+ rCorr}
   (You found it on level 1 of the Lair of Beasts)

   rN+:       It protects you from negative energy.
   rCorr:     It protects you from acid and corrosion.
 E - the +7 hand axe "Kesem" {drain, rF+ Dex+3}
   (You found it on level 8 of the Dungeon)

   Dex+3:     It affects your dexterity (+3).
   rF+:       It protects you from fire.
Missiles
 s - 7 throwing nets {=f}
Armour
 p - an orb of light (worn)
 B - a +2 pair of gloves of stealth (worn)
 F - a +2 cloak of stealth (worn)
 H - a +2 robe of cold resistance (worn)
 I - a +0 troll leather armour
 O - the +3 leather armour "Evvye" {rF+}
   (You bought it in a shop on level 2 of the Orcish Mines)

   rF+:       It protects you from fire.
Magical Staves
 h - a staff of conjuration {!a}
Jewellery
 c - a ring of protection from cold (right hand)
 v - a ring of see invisible
 C - a ring of protection from cold
 T - a +4 ring of protection (left hand)
Wands
 n - a wand of flame (48)
 t - a wand of charming (13)
 x - a wand of quicksilver (4)
 L - a wand of polymorph (15)
 M - a wand of roots (8)
Scrolls
 d - 2 scrolls of blinking
 f - 2 scrolls of silence {!r}
 i - a scroll of identify {@r1}
 j - 3 scrolls of enchant weapon
 l - 3 scrolls of vulnerability
 q - 2 scrolls of revelation
 r - 3 scrolls of noise
 w - a scroll of brand weapon
 y - 7 scrolls of teleportation {@r2}
 z - 3 scrolls of immolation
 G - a scroll of fog
 P - a scroll of acquirement {unknown}
Potions
 b - a potion of berserk rage {!q}
 e - 3 potions of attraction
 g - 2 potions of heal wounds {@q2}
 k - 2 potions of mutation
 m - 2 potions of resistance
 o - 5 potions of curing {@q1}
 u - 2 potions of invisibility
 A - 2 potions of enlightenment
 D - 3 potions of cancellation
 J - 3 potions of ambrosia
 N - 2 potions of lignification
Miscellaneous
 K - a tin of tremorstones (2/2)

Dungeon Overview and Level Annotations

Branches:
Dungeon (14/15)            Temple (1/1) D:7            Lair (5/5) D:10
  Swamp (0/4) Lair:2        Snake (0/4) Lair:3        Slime (0/5) Lair:5
    Orc (2/2) D:11            Elf (0/3) Orc:2
 Vaults: D:13-14

Altars:
Ashenzari
Cheibriados
Dithmenos
Elyvilon
Fedhas
Gozag
Hepliaklqana
Makhleb
Nemelex Xobeh
Okawaru
Qazlal
Ru
Trog
Uskayaw
Wu Jian
Xom
Yredelemnul
Zin
The Shining One
Jiyva

Shops:
D:3 *   D:8 *?(:   Orc:2 :[:[

Annotations:
D:9 1 runed translucent door, jamsaran's ghost, novice DgFE
Lair:2 3 runed translucent doors, SmokeWeed's ghost, journeyman DrCj
Lair:5 2 runed translucent doors

##########
#....#...#
#....#...#
#....#...#
####....#...#
.......C)...# .
##.....##@## ..
#.######.#
...######..# #.#
▒..........## #.#
▒.#######...####.#
##.....#.######.
#................c
#......###.....##.
#####..# #.###....


You could see a stone giant (slow).


Message History

Aiming: Lee's Rapid Deconstruction (mildly dangerous; 1% risk of failure)
Press: ? - help, Dir - move target A rock wall.
This square is lit by a halo.
The wall shatters!
The blast of rock fragments hits the stone giant!
The stone giant is heavily wounded.
* * * LOW HITPOINT WARNING * * *
Unknown command.
Casting: Lee's Rapid Deconstruction (mildly dangerous; 1% risk of failure)
Confirm with . or Enter, or press ? or * to list all spells.
Okay, then.
Casting: Lee's Rapid Deconstruction (mildly dangerous; 1% risk of failure)
Confirm with . or Enter, or press ? or * to list all spells.
Casting: Cause Fear (safe; 1% risk of failure)
Press: ? - help, Dir - look around, f - activate
Okay, then.
Okay, then.
Casting: Cause Fear (safe; 1% risk of failure)
Confirm with . or Enter, or press ? or * to list all spells.
Casting: Metabolic Englaciation (mildly dangerous; 1% risk of failure)
Press: ? - help, Dir - look around, f - activate You radiate an aura of cold.
The stone giant seems to slow down.
* * * LOW HITPOINT WARNING * * *
Unknown command.
Unknown command.
You feel much better.
Items here: )) [ ††.
The stone giant throws a large rock.
The large rock hits you!!!
You die...

Skill      XL: |  1  2  3  4  5  6  7  8  9 10 11 12 13 14 15 |
---------------+----------------------------------------------+-----
Spellcasting   | 3 4 5 6 7 9 10 11 12 14 15 | 15.1
Conjurations   | 3 4 5 6 7 9 10 11 12 14 15 | 15.1
Hexes          | 3 4 5 6 7 9 10 11 12 14 15 | 15.1
Summonings     | 3 4 5 6 7 9 10 11 12 14 15 | 15.1
Necromancy     | 3 4 5 6 7 9 10 11 12 14 15 | 15.1
Translocations | 3 4 5 6 7 9 10 11 12 14 15 | 15.1
Fire Magic     | 3 4 5 6 7 9 10 11 12 14 15 | 15.1
Ice Magic      | 3 4 5 6 7 9 10 11 12 14 15 | 15.1
Air Magic      | 3 4 5 6 7 9 10 11 12 14 15 | 15.1
Earth Magic    | 3 4 5 6 7 9 10 11 12 14 15 | 15.1
Alchemy        | 3 4 5 6 7 9 10 11 12 14 15 | 15.1
Fighting       | 2 3 4 6 7 9 11 13 14 16 17 19 | 19.3
Ranged Weapons | |  1.5
Dodging        | |  2.1

Action                     |  1- 3 |  4- 6 |  7- 9 | 10-12 | 13-15 | 16-18 || total
---------------------------+-------+-------+-------+-------+-------+-------++-------
  Melee: Sling             |       |       |     3 |       |       |       ||     3
         Scimitar          |       |       |       |       |     3 |       ||     3
   Fire: Sling             |    99 |    98 |   174 |   164 |    45 |       ||   580
   Cast: Inner Flame       |       |    10 |    57 |   131 |   192 |       ||   390
         Jinxbite          |       |     1 |       |       |     5 |       ||     6
         Ozocubu's Armour  |       |       |       |     1 |       |       ||     1
         Lee's Rapid Decon |       |       |       |   102 |   458 |     6 ||   566
         Metabolic Englaci |       |       |       |       |    67 |     1 ||    68
         Static Discharge  |       |       |       |       |     8 |       ||     8
  Evoke: Wand              |       |       |       |       |     7 |       ||     7
    Use: Potion            |       |       |     2 |     2 |       |     1 ||     5
         Scroll            |       |       |       |     6 |    16 |       ||    22
 Armour: Robe              |    19 |    43 |    82 |   196 |   246 |     4 ||   590
  Dodge: Dodged            |    26 |    27 |    43 |    98 |   100 |     1 ||   295

Levels and vault maps discovered:
D:1:      grunt_arrival_crossed_arrows, layout_basic, serial_rivers,
          chequers_serial_rivers_marsh, chequers_serial_rivers_micro_a,
          chequers_serial_rivers_micro_e, chequers_serial_rivers_micro_e,
          st_stairs_14, hex_tiny
D:2:      wad_crossroads, layout_basic
D:3:      layout_rooms, nicolae_sif_muna_condensation, serial_shops,
          nicolae_lakefront_shop, serial_park_tiny_2, nicolae_titane, uniq_ijyb
D:4:      layout_cave_pods, uniq_natasha, uniq_sigmund, uniq_edmund
D:5:      layout_basic, mainiacjoe_overflow_chevrons, minmay_misc_feat_hallway,
          kennysheep_small_circle
D:6:      layout_basic, dilly_guarded_unrand_devastator
D:7:      layout_rooms, cheibriados_altar_1, lemuel_temple_firewalk_b
D:8:      layout_cave_pools, overflow_temple_1_default, serial_shops, shop,
          nicolae_shop_real_fake_doors, shop, shop
D:9:      layout_long_grid, mainiacjoe_overflow_alcove_2,
          general_overflow_altar, ebering_ghost_inner_flame, uniq_maurice,
          uniq_grum
D:10:     layout_stronghold, dpeg_lair_monsters, hangedman_decor_slide_cut,
          uniq_sonja, uniq_erica, uniq_fannar, uniq_josephine, uniq_harold
D:11:     layout_loops_ring, erik_orc_1
D:12:     layout_roguey
D:13:     layout_basic, serial_bayou, serial_bayou_pond_d, serial_bayou_shore_b,
          serial_bayou_pond_d, serial_bayou_pond_b
D:14:     layout_long_grid, erik_vaults_1, nicolae_hexahallways, uniq_nessos,
          uniq_louise
D:15:     hangedman_depths_entry_civil_slaughter, layout_basic
Temple:   compressed_dpeg_triangle_lava_temple
Lair:1:   layout_long_grid, special_room [special_room_bee],
          chequers_serial_rivers_micro_c, ldierk_geyser, serial_bayou_shore_b
Lair:2:   layout_misc_corridors, minmay_swamp_entry_reptiles,
          gammafunk_ghost_ooze, serial_bayou_shore_a
Lair:3:   layout_regular_city, guppyfry_snake_entry_garden
Lair:4:   layout_cave_shapes
Lair:5:   cheibrodos_lair_end_hotspot, layout_regular_city,
          dpeg_slime_entry_enclosed, basic_altar, lemuel_centaur_altar
Orc:1:    layout_diamond_mine, basic_altar
Orc:2:    grunt_orc_tribal_feast, layout_diamond_mine,
          einodemon_armed_red_devil_minivault, uniq_saint_roka, uniq_erolcha

Notes
Turn   | Place    | Note
-------+----------+-------------------------------------------
     0 | D:1      | cforsyth the Djinni Hexslinger began the quest for the Orb.
     0 | D:1      | cforsyth set off with the following spells memorised:
                  | Jinxbite, Sigil of Binding, Inner Flame, Cause Fear,
                  | Dimensional Bullseye.
     0 | D:1      | Reached XP level 1. HP: 17/17 MP: 0/0
   139 | D:1      | Reached XP level 2. HP: 22/22 MP: 0/0
   371 | D:1      | Reached skill level 3 in Spellcasting
   371 | D:1      | Reached skill level 3 in Conjurations
   371 | D:1      | Reached skill level 3 in Hexes
   371 | D:1      | Reached skill level 3 in Summonings
   371 | D:1      | Reached skill level 3 in Necromancy
   371 | D:1      | Reached skill level 3 in Translocations
   371 | D:1      | Reached skill level 3 in Fire Magic
   371 | D:1      | Reached skill level 3 in Ice Magic
   371 | D:1      | Reached skill level 3 in Air Magic
   371 | D:1      | Reached skill level 3 in Earth Magic
   371 | D:1      | Reached skill level 3 in Alchemy
   618 | D:2      | Reached skill level 2 in Fighting
   618 | D:2      | Reached XP level 3. HP: 16/28 MP: 0/0
   618 | D:2      | Learned a level 1 spell: Kiss of Death
  1071 | D:2      | Reached XP level 4. HP: 24/34 MP: 0/0
  1568 | D:3      | Found Maheczon's Assorted Antiques.
  1576 | D:3      | Bought a scroll labelled ZURRIB PISKO for 20 gold pieces
  1576 | D:3      | Bought a scroll labelled WAONA RELINAJ for 20 gold pieces
  1598 | D:3      | Noticed Ijyb
  1607 | D:3      | Killed Ijyb
  1608 | D:3      | Reached skill level 3 in Fighting
  1611 | D:3      | Reached XP level 5. HP: 35/40 MP: 0/0
  1611 | D:3      | Learned a level 2 spell: Static Discharge
  2374 | D:4      | Reached skill level 4 in Spellcasting
  2374 | D:4      | Reached skill level 4 in Conjurations
  2374 | D:4      | Reached skill level 4 in Hexes
  2374 | D:4      | Reached skill level 4 in Summonings
  2374 | D:4      | Reached skill level 4 in Necromancy
  2374 | D:4      | Reached skill level 4 in Translocations
  2374 | D:4      | Reached skill level 4 in Fire Magic
  2374 | D:4      | Reached skill level 4 in Ice Magic
  2374 | D:4      | Reached skill level 4 in Air Magic
  2374 | D:4      | Reached skill level 4 in Earth Magic
  2374 | D:4      | Reached skill level 4 in Alchemy
  2374 | D:4      | Reached XP level 6. HP: 24/47 MP: 0/0
  2507 | D:4      | Noticed Edmund
  2513 | D:4      | Killed Edmund
  2514 | D:4      | Reached skill level 4 in Fighting
  2630 | D:4      | Noticed Natasha
  2635 | D:4      | Killed Natasha
  2850 | D:4      | Reached XP level 7. HP: 36/53 MP: 0/0
  2850 | D:4      | Learned a level 3 spell: Passwall
  2857 | D:4      | Noticed Sigmund
  2875 | D:4      | Killed Sigmund
  2876 | D:4      | Reached skill level 5 in Fighting
  3123 | D:4      | Noticed Natasha
  3132 | D:4      | Killed Natasha
  3319 | D:4      | Noticed Natasha
  3329 | D:4      | Killed Natasha
  3330 | D:4      | Reached skill level 5 in Spellcasting
  3330 | D:4      | Reached skill level 5 in Conjurations
  3330 | D:4      | Reached skill level 5 in Hexes
  3330 | D:4      | Reached skill level 5 in Summonings
  3330 | D:4      | Reached skill level 5 in Necromancy
  3330 | D:4      | Reached skill level 5 in Translocations
  3330 | D:4      | Reached skill level 5 in Fire Magic
  3330 | D:4      | Reached skill level 5 in Ice Magic
  3330 | D:4      | Reached skill level 5 in Air Magic
  3330 | D:4      | Reached skill level 5 in Earth Magic
  3330 | D:4      | Reached skill level 5 in Alchemy
  3507 | D:5      | Entered Level 5 of the Dungeon
  3556 | D:5      | Found an iron altar of Okawaru.
  3795 | D:5      | Reached skill level 6 in Fighting
  3795 | D:5      | Reached XP level 8. HP: 45/61 MP: 0/0
  4408 | D:6      | Reached skill level 7 in Fighting
  4749 | D:6      | Found the +6 shillelagh "Devastator" {shatter}
  4813 | D:6      | Reached skill level 6 in Spellcasting
  4813 | D:6      | Reached skill level 6 in Conjurations
  4813 | D:6      | Reached skill level 6 in Hexes
  4813 | D:6      | Reached skill level 6 in Summonings
  4813 | D:6      | Reached skill level 6 in Necromancy
  4813 | D:6      | Reached skill level 6 in Translocations
  4813 | D:6      | Reached skill level 6 in Fire Magic
  4813 | D:6      | Reached skill level 6 in Ice Magic
  4813 | D:6      | Reached skill level 6 in Air Magic
  4813 | D:6      | Reached skill level 6 in Earth Magic
  4813 | D:6      | Reached skill level 6 in Alchemy
  4813 | D:6      | Reached XP level 9. HP: 63/68 MP: 0/0
  4813 | D:6      | Learned a level 3 spell: Ozocubu's Armour
  5723 | D:6      | Reached skill level 8 in Fighting
  6246 | D:7      | Reached skill level 7 in Spellcasting
  6246 | D:7      | Reached skill level 7 in Conjurations
  6246 | D:7      | Reached skill level 7 in Hexes
  6246 | D:7      | Reached skill level 7 in Summonings
  6246 | D:7      | Reached skill level 7 in Necromancy
  6246 | D:7      | Reached skill level 7 in Translocations
  6246 | D:7      | Reached skill level 7 in Fire Magic
  6246 | D:7      | Reached skill level 7 in Ice Magic
  6246 | D:7      | Reached skill level 7 in Air Magic
  6246 | D:7      | Reached skill level 7 in Earth Magic
  6246 | D:7      | Reached skill level 7 in Alchemy
  6532 | D:6      | Reached skill level 9 in Fighting
  6995 | D:7      | Found a snail-covered altar of Cheibriados.
  7112 | D:7      | Found a staircase to the Ecumenical Temple.
  7146 | D:8      | Found Adas's Assorted Antiques.
  7158 | D:8      | Reached XP level 10. HP: 72/78 MP: 0/0
  7222 | D:8      | Found a glowing silver altar of Zin.
  7247 | D:8      | Bought a metallic clear potion for 22 gold pieces
  7247 | D:8      | Bought a scroll labelled ZURRIB PISKO for 25 gold pieces
  7247 | D:8      | Bought 3 scrolls labelled EKKURU WOILLUTZ for 75 gold
                  | pieces
  7295 | D:8      | Identified the +7 hand axe "Kesem" {drain, rF+ Dex+3}
  7316 | D:8      | Reached skill level 10 in Fighting
  7514 | D:7      | Reached skill level 8 in Spellcasting
  7514 | D:7      | Reached skill level 8 in Conjurations
  7514 | D:7      | Reached skill level 8 in Hexes
  7514 | D:7      | Reached skill level 8 in Summonings
  7514 | D:7      | Reached skill level 8 in Necromancy
  7514 | D:7      | Reached skill level 8 in Translocations
  7514 | D:7      | Reached skill level 8 in Fire Magic
  7514 | D:7      | Reached skill level 8 in Ice Magic
  7514 | D:7      | Reached skill level 8 in Air Magic
  7514 | D:7      | Reached skill level 8 in Earth Magic
  7514 | D:7      | Reached skill level 8 in Alchemy
  7688 | D:8      | Found Rugoh's Book Shop.
  8107 | D:8      | Found Ischiv's Magic Scroll Shop.
  8140 | D:8      | Found Mackoajo's Weapon Shop.
  8247 | D:9      | Noticed Maurice
  8250 | D:9      | HP: 4/81 [cloud of flame (6)]
  8551 | D:9      | Maurice stole the +7 hand axe "Kesem" {drain, rF+ Dex+3}
  8553 | D:9      | Killed Maurice
  9058 | Temple   | Entered the Ecumenical Temple
  9403 | D:9      | Reached skill level 11 in Fighting
  9517 | D:9      | Noticed a cyclops
  9758 | D:9      | Noticed a centaur warrior
  9769 | D:9      | Killed a centaur warrior
  9769 | D:9      | HP: 5/82 [spore (9)]
  9770 | D:9      | Reached skill level 9 in Spellcasting
  9770 | D:9      | Reached skill level 9 in Conjurations
  9770 | D:9      | Reached skill level 9 in Hexes
  9770 | D:9      | Reached skill level 9 in Summonings
  9770 | D:9      | Reached skill level 9 in Necromancy
  9770 | D:9      | Reached skill level 9 in Translocations
  9770 | D:9      | Reached skill level 9 in Fire Magic
  9770 | D:9      | Reached skill level 9 in Ice Magic
  9770 | D:9      | Reached skill level 9 in Air Magic
  9770 | D:9      | Reached skill level 9 in Earth Magic
  9770 | D:9      | Reached skill level 9 in Alchemy
  9770 | D:9      | Reached XP level 11. HP: 6/87 MP: 0/0
  9770 | D:9      | Learned a level 5 spell: Lee's Rapid Deconstruction
 10216 | D:9      | Noticed Grum
 10217 | D:9      | Killed Grum
 10301 | D:9      | Found a hazy altar of Hepliaklqana.
 10414 | D:9      | Found a runed translucent door.
 10416 | D:9      | Noticed jamsaran's ghost (novice DgFE)
 10416 | D:9      | Noticed a deep elf pyromancer
 10701 | D:9      | Found a blossoming altar of Fedhas.
 10795 | D:9      | Killed a cyclops
 11017 | D:10     | Entered Level 10 of the Dungeon
 11023 | D:10     | Reached skill level 12 in Fighting
 11404 | D:10     | Noticed a death yak
 11873 | D:10     | Found a staircase to the Lair.
 12039 | D:10     | Noticed Sonja
 12043 | D:10     | Killed Sonja
 12145 | D:10     | Noticed Erica
 12149 | D:10     | Killed Erica
 12150 | D:10     | Reached skill level 10 in Spellcasting
 12150 | D:10     | Reached skill level 10 in Conjurations
 12150 | D:10     | Reached skill level 10 in Hexes
 12150 | D:10     | Reached skill level 10 in Summonings
 12150 | D:10     | Reached skill level 10 in Necromancy
 12150 | D:10     | Reached skill level 10 in Translocations
 12150 | D:10     | Reached skill level 10 in Fire Magic
 12150 | D:10     | Reached skill level 10 in Ice Magic
 12150 | D:10     | Reached skill level 10 in Air Magic
 12150 | D:10     | Reached skill level 10 in Earth Magic
 12150 | D:10     | Reached skill level 10 in Alchemy
 12204 | D:10     | Noticed Josephine
 12209 | D:10     | Killed Josephine
 12224 | D:10     | Reached skill level 13 in Fighting
 12225 | D:10     | HP: 9/92 [wraith[Josephine] (7)]
 12524 | D:10     | Reached XP level 12. HP: 75/98 MP: 0/0
 12943 | D:10     | Noticed Harold
 12948 | D:10     | Killed Harold
 12952 | D:10     | Noticed Fannar
 12962 | D:10     | Killed Fannar
 14135 | D:11     | Found a staircase to the Orcish Mines.
 14747 | D:11     | Reached skill level 11 in Spellcasting
 14747 | D:11     | Reached skill level 11 in Conjurations
 14747 | D:11     | Reached skill level 11 in Hexes
 14747 | D:11     | Reached skill level 11 in Summonings
 14747 | D:11     | Reached skill level 11 in Necromancy
 14747 | D:11     | Reached skill level 11 in Translocations
 14747 | D:11     | Reached skill level 11 in Fire Magic
 14747 | D:11     | Reached skill level 11 in Ice Magic
 14747 | D:11     | Reached skill level 11 in Air Magic
 14747 | D:11     | Reached skill level 11 in Earth Magic
 14747 | D:11     | Reached skill level 11 in Alchemy
 14751 | D:11     | Reached skill level 14 in Fighting
 14909 | D:12     | HP: 8/100 [spore (11)]
 16330 | Lair:1   | Entered Level 1 of the Lair of Beasts
 16520 | Lair:1   | Identified the +7 scimitar of Resumed Hostilities {freeze,
                  | rN+ rCorr}
 16656 | Lair:1   | Reached XP level 13. HP: 90/106 MP: 0/0
 16656 | Lair:1   | Learned a level 5 spell: Metabolic Englaciation
 17438 | Lair:2   | Found a runed translucent gate.
 17467 | Lair:2   | Reached skill level 15 in Fighting
 17758 | Lair:2   | Found a runed translucent gate.
 17759 | Lair:2   | Found a runed translucent gate.
 18071 | Lair:2   | Found a staircase to the Swamp.
 18408 | Lair:2   | Noticed SmokeWeed's ghost (journeyman DrCj)
 18411 | Lair:2   | Found a viscous altar of Jiyva.
 18411 | Lair:2   | Found the +1 robe of Vines {NoPotionHeal Regen++++}
 18677 | Lair:3   | Reached skill level 12 in Spellcasting
 18677 | Lair:3   | Reached skill level 12 in Conjurations
 18677 | Lair:3   | Reached skill level 12 in Hexes
 18677 | Lair:3   | Reached skill level 12 in Summonings
 18677 | Lair:3   | Reached skill level 12 in Necromancy
 18677 | Lair:3   | Reached skill level 12 in Translocations
 18677 | Lair:3   | Reached skill level 12 in Fire Magic
 18677 | Lair:3   | Reached skill level 12 in Ice Magic
 18677 | Lair:3   | Reached skill level 12 in Air Magic
 18677 | Lair:3   | Reached skill level 12 in Earth Magic
 18677 | Lair:3   | Reached skill level 12 in Alchemy
 18683 | Lair:3   | HP: 8/108 [spore (9)]
 19695 | Lair:3   | Found a staircase to the Snake Pit.
 20272 | Lair:3   | Reached skill level 16 in Fighting
 21882 | Lair:4   | Reached XP level 14. HP: 105/117 MP: 0/0
 22144 | Lair:4   | Reached skill level 13 in Spellcasting
 22144 | Lair:4   | Reached skill level 13 in Conjurations
 22144 | Lair:4   | Reached skill level 13 in Hexes
 22144 | Lair:4   | Reached skill level 13 in Summonings
 22144 | Lair:4   | Reached skill level 13 in Necromancy
 22144 | Lair:4   | Reached skill level 13 in Translocations
 22144 | Lair:4   | Reached skill level 13 in Fire Magic
 22144 | Lair:4   | Reached skill level 13 in Ice Magic
 22144 | Lair:4   | Reached skill level 13 in Air Magic
 22144 | Lair:4   | Reached skill level 13 in Earth Magic
 22144 | Lair:4   | Reached skill level 13 in Alchemy
 22436 | Lair:3   | Identified a potion of resistance
 23419 | Lair:4   | Reached skill level 17 in Fighting
 23793 | Lair:5   | Entered Level 5 of the Lair of Beasts
 25946 | Lair:5   | Found an opulent altar of Gozag.
 27170 | Lair:5   | Found a viscous altar of Jiyva.
 27170 | Lair:5   | Found a staircase to the Slime Pits.
 27286 | Lair:5   | Reached skill level 14 in Spellcasting
 27286 | Lair:5   | Reached skill level 14 in Conjurations
 27286 | Lair:5   | Reached skill level 14 in Hexes
 27286 | Lair:5   | Reached skill level 14 in Summonings
 27286 | Lair:5   | Reached skill level 14 in Necromancy
 27286 | Lair:5   | Reached skill level 14 in Translocations
 27286 | Lair:5   | Reached skill level 14 in Fire Magic
 27286 | Lair:5   | Reached skill level 14 in Ice Magic
 27286 | Lair:5   | Reached skill level 14 in Air Magic
 27286 | Lair:5   | Reached skill level 14 in Earth Magic
 27286 | Lair:5   | Reached skill level 14 in Alchemy
 27286 | Lair:5   | Reached XP level 15. HP: 89/126 MP: 0/0
 27286 | Lair:5   | Learned a level 6 spell: Conjure Ball Lightning
 27511 | Lair:5   | Reached skill level 18 in Fighting
 27938 | Lair:5   | Found a large runed translucent door.
 27938 | Lair:5   | Found a large runed translucent door.
 28270 | Orc:1    | Entered Level 1 of the Orcish Mines
 29370 | Orc:1    | Noticed an orc warlord
 29378 | Orc:1    | Killed an orc warlord
 30088 | Orc:2    | Entered Level 2 of the Orcish Mines
 30567 | Orc:2    | Noticed Erolcha
 30571 | Orc:2    | Killed Erolcha
 30834 | Orc:2    | Found a staircase to the Elven Halls.
 32626 | Orc:2    | Noticed Saint Roka
 32645 | Orc:2    | Killed Saint Roka
 33829 | Orc:2    | HP: 12/128 [cloud of flame (5)]
 33830 | Orc:2    | Reached skill level 19 in Fighting
 34243 | Orc:2    | Found Kirghuek's Book Emporium.
 34243 | Orc:2    | Found Qoul's Armour Shop.
 34245 | Orc:2    | Found Lonof's Book Shop.
 34245 | Orc:2    | Found Kuod Hic's Antique Armour Emporium.
 34255 | Orc:2    | Bought a pair of embroidered gloves for 202 gold pieces
 34255 | Orc:2    | Bought a faintly glowing leather armour for 189 gold pieces
 34255 | Orc:2    | Identified the +3 leather armour "Evvye" {rF+} (You bought
                  | it in a shop on level 2 of the Orcish Mines)
 35895 | D:13     | Reached skill level 15 in Spellcasting
 35895 | D:13     | Reached skill level 15 in Conjurations
 35895 | D:13     | Reached skill level 15 in Hexes
 35895 | D:13     | Reached skill level 15 in Summonings
 35895 | D:13     | Reached skill level 15 in Necromancy
 35895 | D:13     | Reached skill level 15 in Translocations
 35895 | D:13     | Reached skill level 15 in Fire Magic
 35895 | D:13     | Reached skill level 15 in Ice Magic
 35895 | D:13     | Reached skill level 15 in Air Magic
 35895 | D:13     | Reached skill level 15 in Earth Magic
 35895 | D:13     | Reached skill level 15 in Alchemy
 36174 | D:13     | Upgraded the game from 0.32-a0-132-g2d33c3cfaf to
                  | 0.32-a0-136-gc02482bde3
 36407 | D:14     | You are sucked into a shaft and drop 1 floor!
 36407 | D:15     | Entered Level 15 of the Dungeon
 36488 | D:15     | Reached XP level 16. HP: 78/135 MP: 0/0
 36505 | D:15     | Hit by a large rock thrown by a stone giant

Vanquished Creatures
  Saint Roka (Orc:2)
  An orc warlord (Orc:1)
  Josephine (D:10)
  3 hydras
  Fannar (D:10)
  2 catoblepae (Lair:5)
  Erolcha (Orc:2)
  Harold (D:10)
  An ogre mage (Orc:2)
  Erica (D:10)
  2 centaur warriors
  A tengu warrior (D:15)
  6 death yaks
  3 orc high priests (Orc:2)
  Sonja (D:10)
  A lindwurm (Lair:5)
  6 orc knights
  A deep elf pyromancer (D:12)
  6 orc sorcerers
  6 ugly things
  3 cyclopes
  Maurice (D:9)
  An oklob plant (Lair:3)
  2 manticores (D:13)
  15 elephants
  3 molten gargoyles (Lair:5)
  3 kobold blastminers (Orc:2)
  10 black mambas
  12 cane toads
  2 gargoyles (D:13)
  3 unseen horrors
  13 komodo dragons
  3 rime drakes
  A queen bee (Lair:1)
  3 red devils (Orc:2)
  5 trolls
  3 polar bears
  10 dream sheep
  Sigmund (D:4)
  21 blink frogs
  2 shadows
  5 water elementals (D:13)
  8 wraiths
  8 basilisks
  6 wyverns
  30 yaks
  5 wargs
  3 vampire mosquitoes (D:10)
  Grum (D:9)
  4 steam dragons
  2 nagas (Lair:3)
  Edmund (D:4)
  12 water moccasins
  2 hell hounds (Lair:5)
  An acid dragon (D:12)
  2 swamp drakes
  A sky beast (D:6)
  22 orc warriors
  2 black bears (D:10)
  6 ogres
  6 wolves
  5 boggarts (D:15)
  8 centaurs
  A phantom (D:7)
  3 kobold brigands
  3 bullfrogs
  2 gnoll sergeants
  A scorpion (D:6)
  15 wights
  21 killer bees
  5 electric eels
  5 howler monkeys
  5 lava snakes (Lair:5)
  3 hounds
  A jelly (D:8)
  22 orc priests
  Ijyb (D:3)
  Natasha (thrice) (D:4)
  7 iguanas
  30 orc wizards
  2 hell rats (D:10)
  8 gnolls
  A river rat (D:10)
  5 adders
  A white imp (D:8)
  2 ufetubi (D:6)
  A ribbon worm (D:2)
  90 orcs
  6 ball pythons
  6 bats
  7 endoplasms
  4 giant cockroaches
  5 goblins
  6 hobgoblins
  7 jackals (D:3)
  20 kobolds
  3 quokkas
  A frilled lizard (D:2)
  5 rats
611 creatures vanquished.

Vanquished Creatures (others)
  2 orc priests (Orc:2)
  An orc wizard (Orc:2)
3 creatures vanquished.

Grand Total: 614 creatures vanquished

Table legend: (Time is in decaauts)
 A = Elapsed time spent in this place.
 B = Non-inter-level travel time spent in this place.
 C = Inter-level travel time spent in this place.
 D = Time resting spent in this place.
 E = Time spent auto-exploring this place.
 F = Levels seen in this place.
 G = Mean time per level.
                   A        B        C        D        E       F      G
               +--------+--------+--------+--------+--------+-----+--------+
         Total |  36758 |  35223 |   1535 |  12746 |  17294 |  23 | 1598.2 |
       Dungeon |  19111 |  18211 |    900 |   5229 |  10310 |  15 | 1274.1 |
        Temple |     41 |     41 |      0 |      0 |      0 |   1 |   41.0 |
          Lair |  12038 |  11622 |    416 |   5097 |   4845 |   5 | 2407.6 |
  Orcish Mines |   5567 |   5349 |    218 |   2420 |   2139 |   2 | 2783.5 |
               +--------+--------+--------+--------+--------+-----+--------+

Top non-repeatable levels by time:
   Orc:2: 3843 daAuts
  Lair:5: 3284 daAuts
  Lair:2: 2569 daAuts
  Lair:4: 2477 daAuts
  Lair:3: 2443 daAuts
    D:10: 2226 daAuts
    D:11: 2118 daAuts
     D:8: 2115 daAuts
    D:13: 1734 daAuts
   Orc:1: 1723 daAuts
     D:6: 1718 daAuts
     D:9: 1617 daAuts
    D:12: 1393 daAuts
     D:5: 1282 daAuts
  Lair:1: 1263 daAuts

Table legend:
 A = Non-vault XP
 B = Vault XP
 C = Vault XP percentage of total XP
 D = Non-vault monster count
 E = Vault monster count
 F = Vault count percentage of total count
                 A         B        C        D         E       F
            +---------+---------+-------+---------+---------+-------
      Total |   75714 |   33798 |  30.9 |     468 |     143 |  23.4
            +---------+---------+-------+---------+---------+-------
        D:1 |      26 |       1 |   3.7 |      16 |       1 |   5.9
        D:2 |      58 |       6 |   9.4 |      20 |       4 |  16.7
        D:3 |     110 |      36 |  24.7 |      20 |       1 |   4.8
        D:4 |     221 |     433 |  66.2 |      12 |       3 |  20.0
        D:5 |     506 |       3 |   0.6 |      13 |       1 |   7.1
        D:6 |    1049 |     122 |  10.4 |      24 |       1 |   4.0
        D:7 |    1257 |       0 |   0.0 |      27 |       0 |   0.0
        D:8 |    1753 |       0 |   0.0 |      36 |       0 |   0.0
        D:9 |    2938 |     934 |  24.1 |      33 |       4 |  10.8
       D:10 |    3366 |    5844 |  63.5 |      16 |      16 |  50.0
       D:11 |    2132 |     585 |  21.5 |      12 |      17 |  58.6
       D:12 |    4273 |       0 |   0.0 |      18 |       0 |   0.0
       D:13 |    4790 |    1717 |  26.4 |      19 |       5 |  20.8
       D:14 |    1616 |       0 |   0.0 |       3 |       0 |   0.0
       D:15 |    1398 |     816 |  36.9 |       6 |       1 |  14.3
     Lair:1 |    2218 |    1029 |  31.7 |       7 |      12 |  63.2
     Lair:2 |    2889 |     367 |  11.3 |      11 |       4 |  26.7
     Lair:3 |   13063 |     326 |   2.4 |      40 |       2 |   4.8
     Lair:4 |   10629 |       0 |   0.0 |      28 |       0 |   0.0
     Lair:5 |   12975 |    7639 |  37.1 |      34 |      30 |  46.9
      Orc:1 |    5719 |       0 |   0.0 |      44 |       0 |   0.0
      Orc:2 |    2728 |   13940 |  83.6 |      29 |      41 |  58.6
            +---------+---------+-------+---------+---------+-------
